 Dungeon Crawl Stone Soup version 0.26-a0-846-gcc8f1ee719 (webtiles) character file.

Game seed: 16892529979070522259

135 marklar909 the Ruffian (level 4, -1/42 HPs)
             Began as a Troll Warper on Nov 20, 2020.
             Slain by Sigmund
             ... wielding a +0 scythe
              (12 damage)
             ... on level 3 of the Dungeon.
             The game lasted 00:03:18 (1867 turns).

marklar909 the Ruffian (Troll Warper)               Turns: 1867, Time: 00:03:18

Health: -1/42      AC:  6    Str: 20    XL:     4   Next: 97%
Magic:  5/5        EV: 10    Int:  9    God:
Gold:   141        SH:  0    Dex:  9    Spells: 3/5 levels left

rFire    . . .     SeeInvis .     - Unarmed
rCold    . . .     Faith    .   (no shield)
rNeg     . . .     Spirit   .   a - +0 robe
rPois    .         Reflect  .   (helmet restricted)
rElec    .         Harm     .   (no cloak)
rCorr    .         Rampage  .   (gloves unavailable)
MR       .....                  (boots unavailable)
Stlth    +.........             (no amulet)
HPRegen  0.54/turn              (no ring)
MPRegen  0.09/turn              (no ring)

@: flying
A: large, unfitting armour, claws 3, regeneration 1, shaggy fur 1, tough skin 3
a: no special abilities


You were on level 3 of the Dungeon.
You visited 1 branch of the dungeon, and saw 3 of its levels.

You collected 141 gold pieces.

Inventory:

Missiles
 g - 49 stones (quivered)
 h - 7 curare-tipped darts
Armour
 a - a +0 robe (worn)
Jewellery
 j - an uncursed ring of protection from magic {unknown}
 p - an uncursed ring of magical power {unknown}
Wands
 q - a wand of iceblast (5)
Scrolls
 b - 2 scrolls of enchant armour {unknown}
 c - a scroll of blinking
 d - a scroll of fog {unknown}
 k - 3 scrolls of identify {unknown}
 l - a scroll of remove curse {unknown}
 r - 2 scrolls of fear {unknown}
Potions
 e - a potion of curing
 f - 2 potions of brilliance {unknown}
 i - a potion of haste {unknown}
 m - a potion of resistance {unknown}
 n - a potion of magic {unknown}
 o - 2 potions of flight


   Skills:
 + Level 1.8 Fighting
 + Level 1.8 Throwing
 + Level 2.5 Dodging
 + Level 0.1 Stealth
 + Level 3.3 Unarmed Combat
 + Level 1.4 Spellcasting
 + Level 2.5 Translocations


You had 3 spell levels left.
You knew the following spells:

 Your Spells              Type           Power        Failure   Level
a - Blink                 Tloc           N/A          19%         2

Your spell library contained the following spells:

 Spells                   Type           Power        Failure   Level
 Corona                   Hex            #......      34%         1
 Gell's Gravitas          Tloc           #.........   36%         3
 Lesser Beckoning         Tloc           #.........   36%         3
 Teleport Other           Tloc           #.......     36%         3
 Ensorcelled Hibernation  Hex/Ice        #.....       47%         2
 Confusing Touch          Hex            #.......     71%         3
 Dazzling Flash           Conj/Hex       #.....       71%         3
 Tukima's Dance           Hex            #.......     71%         3
 Passage of Golubria      Tloc           N/A          77%         4


Dungeon Overview and Level Annotations

Branches:
Dungeon (3/15)

Altars:
Makhleb

Annotations:
D:3 Sigmund


Innate Abilities, Weirdness & Mutations

You are too large for most types of armour.
You have claws for hands.
Your natural rate of healing is unusually fast.
You are covered in fur. (AC +1)
You have extremely tough skin. (AC +3)


Message History

You hear some strange, mumbled words.
Something tries to affect you, but you resist.
You're too confused!
You're too confused!
Sigmund appears from thin air!
Reactivating autopickup.
You bump into the rock wall.
Sigmund hits you from afar with a +0 scythe!
* * * LOW HITPOINT WARNING * * *
Sigmund mumbles some strange words.
Sigmund flickers and vanishes!
Deactivating autopickup; reactivate with Ctrl-A.
You bump into the rock wall.
Something hits you!
* * * LOW HITPOINT WARNING * * *
Unknown command.
It was a potion of flight.
You feel very buoyant.
You fly up into the air.
It was a potion of curing.
You feel better. Something hits you!
You die...

#.# #.# #.# #.#
### #.# #.. #.#
#†# #.# #.# #.#
#.#
#@##############.#
#..{.............#
##################


There were no monsters in sight!

Vanquished Creatures
  An orc priest (D:3)
  2 adders
  2 worms (D:2)
  2 dart slugs
  A leopard gecko (D:3)
  11 orcs (D:3)
  10 bats
  4 giant cockroaches
  2 goblins (D:2)
  6 hobgoblins
  4 jackals (D:1)
  4 frilled lizards
  10 kobolds
  7 rats
66 creatures vanquished.

Notes
Turn   | Place    | Note
-------+----------+-------------------------------------------
     0 | D:1      | marklar909 the Troll Warper began the quest for the Orb.
     0 | D:1      | Reached XP level 1. HP: 19/19 MP: 1/1
   127 | D:1      | Reached XP level 2. HP: 26/28 MP: 3/3
   633 | D:2      | Found a burning altar of Makhleb.
   642 | D:2      | Reached XP level 3. HP: 35/35 MP: 4/4
   942 | D:2      | Learned a level 2 spell: Blink
  1088 | D:2      | Reached skill level 1 in Throwing
  1285 | D:3      | Reached XP level 4. HP: 42/42 MP: 5/5
  1286 | D:3      | Reached skill level 3 in Unarmed Combat
  1829 | D:3      | Noticed Sigmund
  1865 | D:3      | HP: 2/42 [something (11)]
  1867 | D:3      | Slain by Sigmund

Illustrated notes

Levels and vault maps discovered:
D:1:      nicolae_arrival_memento_mori, layout_loops_ring
D:2:      layout_basic, bloody_makhleb
D:3:      layout_basic, uniq_sigmund, uniq_crazy_yiuf_cottage

Skill      XL: |  1  2  3  4 |
---------------+-------------+-----
Dodging        | 2 |  2.5
Throwing       | 1 |  1.8
Unarmed Combat | 3 |  3.3
Fighting       | |  1.8
Stealth        | |  0.1
Spellcasting   | |  1.4
Translocations | |  2.5

Action                   |  1- 3 |  4- 6 || total
-------------------------+-------+-------++-------
Melee: Unarmed           |   139 |    40 ||   179
       Punch             |       |     1 ||     1
Throw: Stone             |    38 |    50 ||    88
       Boomerang         |     5 |       ||     5
  Use: Potion            |       |     2 ||     2
Armor: Robe              |    65 |    16 ||    81
Dodge: Dodged            |    92 |    26 ||   118

Table legend: (Time is in decaauts)
 A = Elapsed time spent in this place.
 B = Non-inter-level travel time spent in this place.
 C = Inter-level travel time spent in this place.
 D = Time resting spent in this place.
 E = Time spent auto-exploring this place.
 F = Levels seen in this place.
 G = Mean time per level.
                   A        B        C        D        E       F      G
               +--------+--------+--------+--------+--------+-----+--------+
         Total |   1863 |   1785 |     78 |      0 |   1306 |   3 |  621.0 |
       Dungeon |   1863 |   1785 |     78 |      0 |   1306 |   3 |  621.0 |
               +--------+--------+--------+--------+--------+-----+--------+

Top non-repeatable levels by time:
     D:1: 629 daAuts
     D:2: 621 daAuts
     D:3: 612 daAuts
